 Dungeon Crawl Stone Soup version 0.29-a0-341-g24ffce5b50 (webtiles) character file.

Game seed: 9669784646557945285

513 ultragoat the Skirmisher (level 7, -1/60 HPs)
             Began as a Pale Draconian Transmuter on Apr 21, 2022.
             Slain by a jelly (3 damage)
             ... on level 4 of the Dungeon.
             The game lasted 00:23:39 (3804 turns).

ultragoat the Skirmisher (DrTm)                     Turns: 3804, Time: 00:23:40

Health: -1/60      AC:  7    Str: 13    XL:     7   Next: 0%
Magic:  10/10      EV: 12    Int: 15    God:
Gold:   121        SH:  0    Dex: 11    Spells: 5/11 levels left

rFire   . . .      SeeInvis .   c - +2 trident (flame)
rCold   . . .      Faith    .   (no shield)
rNeg    . . .      Spirit   .   (body armour unavailable)
rPois   .          Reflect  .   (helmet restricted)
rElec   .          Harm     .   (no cloak)
rCorr   .          Rampage  .   k - +0 pair of gloves
Will    .....                   (no boots)
Stlth   +.........              n - amulet of magic regeneration
HPRegen 0.20/turn               j - +4 ring of protection
MPRegen 0.52/turn               (no ring)

@: corroded, slowed, very slow
A: breathe steam, AC +6, unfitting armour, cold-blooded, steam resistance
a: Breathe Steam


You were on level 4 of the Dungeon.
You visited 1 branch of the dungeon, and saw 5 of its levels.

You collected 233 gold pieces.
You spent 112 gold pieces at shops.

Inventory:

Hand Weapons
 c - a +2 trident of flaming (weapon)
Armour
 k - a +0 pair of gloves (worn)
Jewellery
 d - an amulet of reflection
 j - a +4 ring of protection (left hand)
 n - an amulet of magic regeneration (around neck)
Scrolls
 f - a scroll of fear
 l - a scroll of torment {unknown}
 m - a scroll of teleportation
Potions
 a - a potion of lignification
 b - a potion of ambrosia
 e - 3 potions of heal wounds
 g - a potion of resistance
 h - a potion of haste
 i - 2 potions of curing
 o - 2 potions of mutation


   Skills:
 - Level 4.8 Fighting
 + Level 3.3 Polearms
 - Level 2.2 Dodging
 - Level 3.0 Unarmed Combat
 * Level 2.5 Spellcasting
 * Level 2.5 Transmutations
 - Level 3.1 Poison Magic


You had 5 spell levels left.
You knew the following spells:

 Your Spells              Type           Power      Damage    Failure   Level
a - Beastly Appendage     Tmut           18%        N/A       8%          1
b - Spider Form           Tmut/Pois      10%        N/A       21%         3
c - Wereblood             Tmut           9%         N/A       11%         2

Your spell library contained the following spells:

 Spells                   Type           Power      Damage    Failure   Level
 Gell's Gravitas          Tloc           1%         N/A       54%         3
 Teleport Other           Tloc           1%         N/A       54%         3
 Ice Form                 Ice/Tmut       5%         N/A       77%         4
 Iskenderun's Battlesphe  Conj           1%         2d6       99%         5
 Dispersal                Tloc           0%         N/A       100%        6
 Iron Shot                Conj/Erth      0%         9d1       100%        6
 Spellforged Servitor     Conj/Summ      0%         N/A       100%        7


Dungeon Overview and Level Annotations

Branches:
Dungeon (5/15)
 Temple: D:4-7

Altars:
Zin

Shops:
D:2 *   D:4 (*

Annotations:
D:4 Pikel


Innate Abilities, Weirdness & Mutations

You can breathe blasts of scalding, opaque steam.
Your pale cyan-grey scales are hard. (AC +6)
You cannot fit into any form of body armour.
You are cold-blooded and may be slowed by cold attacks.
You are immune to the effects of steam.


Message History

Your scales start taking on a pale cyan-grey colour.
You learn Fire Magic quicker.
You learn Air Magic quicker.
You learn Evocations quicker.
You can breathe blasts of scalding, opaque steam.
You are now immune to the effects of steam.
Okay, then.
There is a stone staircase leading up here.
You climb upwards.
Level annotation: Pikel The jelly hits you but does no damage.
The endoplasm freezes you.
You are frozen.
You feel yourself slow down. The endoplasm freezes you.
You are frozen.
You feel as though you will be slow longer.
The jelly hits you but does no damage.
There is a stone staircase leading down here.
You hit the jelly. You burn the jelly.
Your hands burn!
The jelly is moderately wounded.
The jelly barely misses you. The endoplasm misses you.
You hit the jelly. You burn the jelly.
Your hands burn!
You tail-slap the jelly. Your punch misses the jelly.
The jelly is almost dead.
The jelly hits you. The acid corrodes you!
You are splashed with acid!
* * * LOW HITPOINT WARNING * * *
The endoplasm freezes you.
You are frozen.
* * * LOW HITPOINT WARNING * * *
The endoplasm freezes you.
You are frozen.
* * * LOW HITPOINT WARNING * * *
The jelly closely misses you.
You can't go up here!
The jelly hits you but does no damage. The endoplasm freezes you.
You are frozen.
* * * LOW HITPOINT WARNING * * *
You feel as though you will be slow longer.
The jelly hits you.
You die...

#########
#.......#
#.#####.# #J#
#@# ## #J# ..
#.#######.####
#.............
#..##..##.....
#...#...# ...
#####l..## . #
##.....## # ..
#.......#.#


You could see a jelly and an endoplasm.

Vanquished Creatures
  A black bear (D:2)
  A necrophage (D:5)
  4 hounds
  A gnoll shaman (D:5)
  2 orc wizards
  An iguana (D:5)
  An adder (D:4)
  5 gnolls (D:5)
  A white imp (D:5)
  A worm (D:5)
  A dart slug (D:5)
  5 orcs
  3 ball pythons
  7 endoplasms
  A giant cockroach (D:1)
  3 hobgoblins
  7 kobolds
  2 quokkas
  7 bats
  2 frilled lizards
  5 goblins
  6 rats
67 creatures vanquished.

Vanquished Creatures (others)
  2 plants (D:4)
2 creatures vanquished.

Grand Total: 69 creatures vanquished

Notes
Turn   | Place    | Note
-------+----------+-------------------------------------------
     0 | D:1      | ultragoat the Draconian Transmuter began the quest for the
                  | Orb.
     0 | D:1      | Reached XP level 1. HP: 16/16 MP: 3/3
   314 | D:1      | Reached XP level 2. HP: 19/23 MP: 5/5
   690 | D:1      | Reached skill level 1 in Polearms
   847 | D:2      | Reached XP level 3. HP: 13/28 MP: 6/6
  1149 | D:2      | Found Patzyidd's General Store.
  1253 | D:2      | Learned a level 3 spell: Spider Form
  1455 | D:2      | Noticed a black bear
  1614 | D:3      | Learned a level 2 spell: Wereblood
  1637 | D:3      | Found a glowing silver altar of Zin.
  1943 | D:3      | Reached XP level 4. HP: 16/35 MP: 7/7
  2446 | D:2      | Killed a black bear
  2447 | D:2      | Reached skill level 3 in Fighting
  2447 | D:2      | Reached skill level 1 in Poison Magic
  2447 | D:2      | Reached XP level 5. HP: 35/45 MP: 8/8
  2695 | D:5      | Entered Level 5 of the Dungeon
  2702 | D:5      | Reached skill level 4 in Fighting
  2702 | D:5      | Reached XP level 6. HP: 24/52 MP: 9/9
  3326 | D:4      | Found Aloatsuq's Assorted Antiques.
  3469 | D:4      | Bought a pair of gloves for 112 gold pieces
  3582 | D:4      | Noticed Pikel
  3757 | D:4      | Found Faakleza's Weapon Shop.
  3794 | D:5      | Your scales start taking on a pale cyan-grey colour.
  3794 | D:5      | Reached XP level 7. HP: 33/60 MP: 10/10
  3794 | D:5      | Gained mutation: You are immune to the effects of steam.
                  | [Pale Draconian growth]
  3804 | D:4      | HP: 2/60 [frozen (5)]
  3804 | D:4      | Slain by a jelly

Illustrated notes

Levels and vault maps discovered:
D:1:      lightli_arrival_quake, layout_basic, serial_glass, glass_columns_c,
          glass_columns_b, glass_columns_a, glass_columns_a
D:2:      layout_basic, serial_shops, shop
D:3:      layout_rooms, mainiacjoe_overflow_paths, kennysheep_generic_room_7
D:4:      layout_basic, serial_shops, nicolae_shop_overgrown_old_shop,
          nicolae_shop_advertising_works [nicolae_subvault_shop_adworks],
          nicolae_shop_stone, nicolae_shop_bloodbath_and_beyond, uniq_pikel
D:5:      layout_basic

Skill      XL: |  1  2  3  4  5  6 |
---------------+-------------------+-----
Dodging        | 2 |  2.2
Polearms       | 1 2 3 |  3.3
Fighting       | 3 4 |  4.8
Poison Magic   | 1 2 3 |  3.1
Unarmed Combat | |  3.0
Spellcasting   | |  2.5
Transmutations | |  2.5

Action                   |  1- 3 |  4- 6 |  7- 9 || total
-------------------------+-------+-------+-------++-------
Melee: Trident           |    92 |   102 |     2 ||   196
       Unarmed           |    11 |       |       ||    11
       Kick              |     5 |    10 |       ||    15
       Headbutt          |     3 |     6 |       ||     9
       Tailslap          |     6 |    11 |     1 ||    18
       Punch             |       |     1 |       ||     1
 Cast: Beastly Appendage |     4 |     4 |       ||     8
       Wereblood         |       |     2 |       ||     2
       Spider Form       |       |     1 |       ||     1
  Use: Scroll            |    15 |     4 |       ||    19
       Potion            |     1 |     1 |       ||     2
Armor: Skin              |    44 |    36 |     3 ||    83
Dodge: Dodged            |    66 |    73 |     3 ||   142

Table legend: (Time is in decaauts)
 A = Elapsed time spent in this place.
 B = Non-inter-level travel time spent in this place.
 C = Inter-level travel time spent in this place.
 D = Time resting spent in this place.
 E = Time spent auto-exploring this place.
 F = Levels seen in this place.
 G = Mean time per level.
                   A        B        C        D        E       F      G
               +--------+--------+--------+--------+--------+-----+--------+
         Total |   3834 |   3716 |    118 |    961 |    728 |   5 |  766.8 |
       Dungeon |   3834 |   3716 |    118 |    961 |    728 |   5 |  766.8 |
               +--------+--------+--------+--------+--------+-----+--------+

Top non-repeatable levels by time:
     D:2: 982 daAuts
     D:1: 847 daAuts
     D:3: 795 daAuts
     D:5: 754 daAuts
     D:4: 454 daAuts
